 Dungeon Crawl Stone Soup version 0.31-a0-664-g902f515a81 (webtiles) character file.

Game seed: 11166134725410788363

313312 greenreed the Slayer (level 20, -4/292 (298) HPs)
             Began as a Grey Draconian Shapeshifter on Sept 2, 2023.
             Was a High Priest of Ru.
             Slain by a frost giant
             ... wielding a +0 battleaxe of freezing
              (33 damage)
             ... on level 5 of the Vaults.
             The game lasted 01:59:02 (52433 turns).

greenreed the Slayer (Grey Draconian Shapeshifter) Turns: 52433, Time: 01:59:02

HP:   -4/292 (298)  AC: 25    Str: 32    XL:     20   Next: 46%
MP:   15/20         EV: 14    Int: 10    God:    Ru [*****.]
Gold: 3660          SH:  0    Dex: 17    Spells: 19/19 levels left

rFire   . .          .
                       - Unarmed
rCold   + . .        (shield currently unavailable)
rNeg    . . .        (body armour unavailable)
rPois   +            Y - melded +0 hat of Bodithra {rN+}
rElec   .            R - melded scarf {repulsion}
rCorr   .            P - melded +3 Mad Mage's Maulers {Infuse+∞ VampMP -Cast}
SInv    +            S - melded +2 pair of boots of the Pink Corner {Regen+ Slay+3}
Will    +....        E - amulet of faith Stlth
                     k - ring of the Inquisitive Seas {rPois AC+4 Str-2 Dex+4 SInv}
HPRegen 0.68/turn    I - ring of protection from cold
MPRegen 0.17/turn

%: faith
@: exhausted, about to teleport, dragon-form, flying, studying Fighting, lightly
drained
A: dragon claw, dragon scales, flying, boosted hp, AC +15, amphibious, giant,
unfitting armour, (cold-blooded), no stealth, hated by all, no air magic, no
conjurations magic, no transmutations magic, disrupted magic 1, unskilled 1
}: 2/15 runes: barnacled, gossamer
a: Begin Untransformation, Renounce Religion, Draw Out Power, Power Leap,
Apocalypse


You were on level 5 of the Vaults.
You worshipped Ru.
Ru was extremely pleased with you.
You were a fearsome iron dragon!
You visited 7 branches of the dungeon, and saw 36 of its levels.
You also visited: Gauntlet and Ice Cave.

You collected 4968 gold pieces.
You spent 1308 gold pieces at shops.

Inventory:

Missiles
 Q - 12 silver javelins
 T - 10 throwing nets
Armour
 P - the +3 Mad Mage's Maulers (melded) {Infuse+∞ VampMP -Cast}
   (You acquired it on level 3 of the Shoals)

   Infuse+∞: It empowers its wearer's blows with all of their magic.
   VampMP:    Blows struck in melee replenish the wearer's magic.
   -Cast:     It prevents spellcasting.
 R - a scarf of repulsion (melded)
 S - the +2 pair of boots of the Pink Corner (melded) {Regen+ Slay+3}
   (You acquired it on level 3 of the Spider Nest)

   Slay+3:    It affects your accuracy & damage with ranged weapons and melee
   (+3).
   Regen+:    It increases your rate of health regeneration.
 Y - the +0 hat of Bodithra (melded) {rN+}
   (You found it in a Gauntlet)

   rN+:       It protects you from negative energy.
Jewellery
 f - a ring of positive energy
 h - a ring of resist corrosion
 i - a +4 ring of protection
 k - the ring of the Inquisitive Seas (left foreclaw) {rPois AC+4 Str-2 Dex+4 SInv}
   (You found it in a Gauntlet)

   [ring of protection]

   AC+4:      It affects your AC (+4).
   Str-2:     It affects your strength (-2).
   Dex+4:     It affects your dexterity (+4).
   rPois:     It protects you from poison SInv: It lets you see invisible.
 o - a ring of fire
 t - a ring of positive energy
 z - an amulet of the acrobat
 A - a ring of protection from cold
 E - an amulet of faith (around neck)
 I - a ring of protection from cold (right foreclaw)
 W - a ring of willpower
Talismans
 c - a storm talisman
 L - a dragon-blood talisman (active)
Wands
 q - a wand of flame (66)
 r - a wand of acid (20)
 y - a wand of digging (6)
 D - a wand of polymorph (10)
 F - a wand of iceblast (15)
 U - a wand of mindburst (15)
Scrolls
 j - 5 scrolls of teleportation
 l - 8 scrolls of poison
 m - 13 scrolls of immolation
 p - a scroll of blinking
 w - a scroll of identify
 x - 4 scrolls of vulnerability
 B - 5 scrolls of enchant armour
 C - 4 scrolls of torment
 G - 4 scrolls of fog
 H - 6 scrolls of revelation
 M - 2 scrolls of silence
 N - 11 scrolls of fear
 Z - 2 scrolls of brand weapon
Potions
 a - a potion of resistance
 b - 4 potions of invisibility
 d - 2 potions of attraction
 e - 5 potions of haste
 g - 5 potions of enlightenment
 n - 2 potions of magic
 u - a potion of cancellation
 v - 14 potions of curing
 K - 2 potions of mutation
 O - 4 potions of might
 V - a potion of berserk rage
 X - 2 potions of heal wounds
Miscellaneous
 s - a tin of tremorstones (2/2)
 J - a phial of floods


   Skills:
 * Level 21.7 Fighting
 + Level 13.1 Dodging
 * Level 19.3 Unarmed Combat
 * Level 16.5 Shapeshifting


You had 19 spell levels left.
You didn't know any spells.
Your spell library contained the following spells:

 Spells                   Type           Power      Damage    Failure   Level
 Apportation              Tloc           0%         N/A       45%         1
 Sandblast                Erth           0%         2d4       45%         1
 Ensorcelled Hibernation  Hex/Ice        0%         N/A       58%         2
 Lesser Beckoning         Tloc           0%         N/A       58%         2
 Sublimation of Blood     Necr           0%         N/A       58%         2
 Gell's Gravitas          Tloc           0%         N/A       82%         3
 Inner Flame              Hex/Fire       0%         N/A       82%         3
 Ozocubu's Armour         Ice            0%         N/A       82%         3
 Teleport Other           Tloc           0%         N/A       82%         3
 Volatile Blastmotes      Fire/Tloc      0%         2d10      82%         3
 Anguish                  Hex/Necr       0%         N/A       99%         4
 Dispel Undead            Necr           0%         3d6       99%         4
 Leda's Liquefaction      Hex/Erth       0%         N/A       99%         4
 Lee's Rapid Deconstruct  Erth           0%         3d4*      100%        5
 Metabolic Englaciation   Hex/Ice        0%         N/A       100%        5
 Dispersal                Tloc           0%         N/A       100%        6
 Ozocubu's Refrigeration  Ice            0%         4d7       100%        7
 Polar Vortex             Ice            0%         N/A       100%        9
 Cigotuvi's Dreadful Rot  Necr/Pois/Air  Unusable   N/A       N/A         2
 Passwall                 Tmut/Erth      Unusable   N/A       N/A         2
 Stone Arrow              Conj/Erth      Unusable   3d7       N/A         3
 Flame Wave               Conj/Fire      Unusable   2d4       N/A         4
 Fulminant Prism          Conj/Hex       Unusable   3d5       N/A         4
 Iskenderun's Mystic Bla  Conj/Tloc      Unusable   2d3       N/A         4
 Petrify                  Tmut/Erth      Unusable   N/A       N/A         4
 Sticky Flame             Conj/Fire      Unusable   2d3       N/A         4
 Alistair's Intoxication  Tmut/Pois      Unusable   N/A       N/A         5
 Irradiate                Conj/Tmut      Unusable   3d11      N/A         5
 Death Channel            Necr           Unusable   N/A       N/A         6
 Leda's Unmaking          Conj/Erth      Unusable   9d1       N/A         6
 Simulacrum               Ice/Necr       Unusable   N/A       N/A         6

Dungeon Overview and Level Annotations

Branches:
Dungeon (15/15)            Temple (1/1) D:7            Lair (5/5) D:9
 Shoals (4/4) Lair:3       Spider (4/4) Lair:2        Slime (0/5) Lair:5
    Orc (2/2) D:12            Elf (0/3) Orc:2        Vaults (5/5) D:13
  Crypt (0/3) Vaults:2     Depths (0/4) D:15          IceCv (visited)
Gauntlet (visited)

Altars:
Ashenzari
Cheibriados
Dithmenos
Elyvilon
Gozag
Kikubaaqudgha
Makhleb
Nemelex Xobeh
Okawaru
Qazlal
Ru
Sif Muna
Trog
Uskayaw
Vehumet
Wu Jian
Xom
Zin
The Shining One

Shops:
D:9 !   D:10 :   D:12 =   Orc:2 **(*   Shoals:1 (   Shoals:4 *   Vaults:1 =
Vaults:2 *

Portals:
Abyss: Vaults:1
Trove: Vaults:1 (give +2 storm dragon scales)

Annotations:
D:5 3 runed translucent doors, ryw's ghost, novice TrFi
Temple 2 transporters
Vaults:1 2 transporters, Liwna's ghost, adept DsGl


Innate Abilities, Weirdness & Mutations

You are a fearsome iron dragon!
You have a powerful clawing attack.
Your giant scaled body is strong and resilient, but less evasive.
You are flying.
Your maximum health is greatly increased.
Your armour is entirely melded.
You are incapable of wielding weapons or throwing items.
Your dull iron-grey scales are very hard. (AC +15)
You are amphibious.
You cannot fit into any form of body armour.
((You are cold-blooded and may be slowed by cold attacks.))
You cannot be stealthy.
You are hated by all.
You cannot study or cast Air magic.
You cannot study or cast Conjurations magic.
You cannot study or cast Transmutations magic.
Your casting is slightly disrupted.
You are somewhat unskilled. (-1 Apt)


Message History

The tentacled monstrosity constricts you.
* * * LOW HITPOINT WARNING * * *
The vault guard hits you from afar with a +3 bardiche!
* * * LOW HITPOINT WARNING * * *
You escape the tentacled monstrosity's grasp.
Your surroundings suddenly seem different.
A water nymph, a frost giant and a glowing orange brain come into view.
The frost giant is wielding a +0 battleaxe of freezing.
Found a dagger.
The frost giant shouts!
The glowing orange brain moves out of view.
Unknown command.
You bite the frost giant!!
The frost giant is moderately wounded.
A vault guard comes into view. It is wielding a +0 dire flail.
The frost giant hits you with a +0 battleaxe of freezing!
* * * LOW HITPOINT WARNING * * *
The frost giant freezes you.
* * * LOW HITPOINT WARNING * * *
The vault guard shouts!
You claw the frost giant!
You bite the frost giant, but do no damage.
The frost giant is moderately wounded.
A sphinx comes into view.
The frost giant casts a spell at you. The bolt of cold hits you!! You resist.
* * * LOW HITPOINT WARNING * * *
You hear a shout!
You feel much better.
You hear a shout!
The frost giant points at you and mumbles some strange words.
The bolt of cold hits you. You resist.
* * * LOW HITPOINT WARNING * * *
A titan comes into view.
Unknown command.
As you read the scroll of teleportation, it crumbles to dust.
You feel strangely unstable.
The sphinx begins to cast a spell, but is stunned by your conviction!
The frost giant hits you with a +0 battleaxe of freezing!!
You die...

###############
~~~.~~.........
~~~~m.CD.G.....
####~~.......##
#H......p...
..###....#...
#. #)...# .# ..
#....# # C
#....# #....#


You could see a titan, a frost giant, a sphinx, a vault guard, a glowing orange
brain and a water nymph.

Vanquished Creatures
  Mennas (Vaults:4)
  Mara (Vaults:2)
  Xtahua (Vaults:4)
  Bai Suzhen (Vaults:2)
  The ghost of Yhaurph the Hoplite, an adept MiFi of Okawaru (Vaults:3)
  An Ice Fiend (IceCv)
  A tentacled monstrosity (Vaults:4)
  A kraken (Shoals:2)
  Jorgrun (Shoals:3)
  Polyphemus (Shoals:2)
  2 sphinxes (Vaults:4)
  The ghost of Feshunla the Bewitcher, an adept KoEn of Dithmenos (Vaults:4)
  Agnes (Spider:2)
  Roxanne (Spider:2)
  2 tengu reavers (Vaults:4)
  Ilsuiw (Shoals:3)
  7 emperor scorpions
  6 vault wardens
  5 ghost moths
  A broodmother (Spider:4)
  A very ugly thing (Vaults:4)
  A war gargoyle (Vaults:4)
  A formless jellyfish (Vaults:4)
  10 ironbound preservers
  7 ironbound thunderhulks
  A quicksilver ooze (shapeshifter) (Vaults:4)
  A minotaur (Gauntlet)
  16 dire elephants
  2 spark wasps
  A deep elf high priest (Vaults:4)
  Snorg (Lair:3)
  An eidolon (Vaults:2)
  A crystal guardian (Vaults:4)
  3 ettins
  2 entropy weavers
  5 merfolk javelineers
  10 merfolk impalers
  5 great orbs of eyes
  18 vault guards
  10 hydras
  3 yaktaur captains
  A caustic shrike simulacrum (IceCv)
  4 ironbound frosthearts
  A death knight (D:15)
  2 merfolk aquamancers
  3 merfolk avatars
  An ogre mage (D:15)
  3 tengu warriors (D:15)
  3 radroaches
  4 alligator snapping turtles
  9 boulder beetles
  A jorogumo (Spider:3)
  8 centaur warriors
  A peacekeeper (Vaults:4)
  2 satyrs
  4 catoblepae
  2 two-headed ogres
  A hell hog (Gauntlet)
  10 death yaks
  An orc high priest (Orc:2)
  9 demonic crawlers
  Amaemon (D:8)
  5 skysharks
  4 skeletal warriors
  10 sea snakes
  A flayed ghost (D:15)
  6 pharaoh ants
  A sun moth (Spider:3)
  2 death drakes (shapeshifter)
  9 orb spiders
  A lindwurm (shapeshifter) (Vaults:3)
  An obsidian statue (IceCv)
  34 deep trolls
  6 spriggan simulacra (IceCv)
  10 lindwurms
  5 wizards
  A bog body (IceCv)
  8 steelbarb worms
  3 necromancers
  7 orc knights
  15 harpies
  16 ironbound convokers
  6 orc sorcerers
  23 ugly things
  20 manticores
  10 cyclopes
  20 fauns
  A tengu skeleton (D:15)
  16 wolf spiders
  A fire giant zombie (D:15)
  Joseph (D:10)
  A black mamba (Lair:5)
  9 elephants
  14 merfolk sirens
  A frost giant skeleton (D:15)
  A moth of wrath (Spider:2)
  18 vault sentinels
  6 torpor snails
  An orange demon (D:7)
  5 water nymphs
  5 gargoyles
  4 cane toads
  A kobold demonologist (D:11)
  An unseen horror (shapeshifter) (D:15)
  Psyche (D:10)
  19 yaktaurs
  2 efreet
  An unseen horror (D:11)
  3 rime drakes (Shoals:1)
  7 freezing wraiths
  A tengu conjurer (D:15)
  2 golden dragon simulacra (IceCv)
  A guardian mummy (D:15)
  7 komodo dragons
  6 ice devils (IceCv)
  3 anaconda simulacra (IceCv)
  A rime drake (shapeshifter) (D:13)
  2 polar bears (Lair:4)
  A hornet (D:11)
  7 meliai
  44 merfolk
  9 trolls
  A wolf spider simulacrum (D:15)
  28 tarantellas
  A snapping turtle (shapeshifter) (Vaults:4)
  6 wind drakes
  41 blink frogs
  An alligator simulacrum (IceCv)
  16 dream sheep
  31 slime creatures
  11 snapping turtles
  13 culicivoras
  An ettin zombie (D:15)
  8 water elementals
  3 dire elephant simulacra (IceCv)
  5 wraiths
  2 vampires
  15 jumping spiders
  63 yaks
  4 fire bats (Gauntlet)
  3 basilisks
  56 redbacks
  5 wyverns
  7 steam dragons
  13 minotaur simulacra (IceCv)
  Menkaure (D:7)
  A harpy simulacrum (IceCv)
  A warg (Orc:2)
  2 hydra simulacra (IceCv)
  6 water moccasins
  An acid dragon (D:10)
  3 hell hounds (Gauntlet)
  34 orc warriors
  4 ice beasts
  Pargi (D:3)
  5 black bears
  A sky beast (D:8)
  2 ogres
  8 centaurs
  3 wolves (Lair:2)
  2 phantoms
  7 kobold brigands
  16 bullfrogs
  8 deep troll simulacra (IceCv)
  2 scorpions
  12 wights
  10 killer bees
  10 howler monkeys
  3 electric eels
  7 hounds
  2 jellies
  18 orc priests
  3 gnoll boudas
  An iron imp (D:11)
  A sleepcap (D:5)
  Ijyb (D:3)
  3 iguanas (D:5)
  28 orc wizards
  Robin (D:5)
  4 adders
  8 gnolls
  A shadow imp (D:5)
  A white imp (D:6)
  A worm (D:3)
  2 dart slugs (D:1)
  60 orcs
  10 bats
  8 endoplasms
  5 giant cockroaches
  9 goblins
  12 hobgoblins
  4 jackals (D:1)
  40 kobolds
  2 quokkas
  6 ball pythons
  3 frilled lizards
  7 rats
  A tentacle (Shoals:2)
1361 creatures vanquished.

Vanquished Creatures (others)
  An orc warlord (Vaults:1)
  A hydra (D:15)
  A catoblepas (Lair:5)
  A boulder beetle (Spider:2)
  A sea snake (Shoals:4)
  An ironbound convoker (Vaults:4)
  A harpy (shapeshifter) (Vaults:3)
  A tarantella (Spider:3)
  A blink frog (Lair:3)
  A minotaur simulacrum (IceCv)
  An electric eel (Spider:4)
  An orc (Orc:1)
  15 tentacles (Shoals:2)
27 creatures vanquished.

Grand Total: 1388 creatures vanquished

Notes
Turn   | Place    | Note
-------+----------+-------------------------------------------
     0 | D:1      | greenreed the Draconian Shapeshifter began the quest for
                  | the Orb.
     0 | D:1      | Reached XP level 1. HP: 16/16 MP: 1/1
   118 | D:1      | Reached XP level 2. HP: 23/23 MP: 2/2
   557 | D:1      | Reached skill level 2 in Fighting
   631 | D:1      | Reached XP level 3. HP: 27/29 MP: 3/3
  1239 | D:3      | Noticed Pargi
  1247 | D:3      | Killed Pargi
  1248 | D:3      | Reached skill level 3 in Fighting
  1248 | D:3      | Reached XP level 4. HP: 29/38 MP: 4/4
  1248 | D:3      | Reached XP level 5. HP: 35/45 MP: 5/5
  1663 | D:3      | Found a blossoming altar of Fedhas.
  1693 | D:3      | Noticed Ijyb
  1709 | D:3      | Killed Ijyb
  2447 | D:4      | You fall into a shaft and drop 2 floors!
  2503 | D:5      | Entered Level 5 of the Dungeon
  2523 | D:5      | Reached XP level 6. HP: 31/52 MP: 6/6
  2623 | D:5      | Reached skill level 4 in Fighting
  2723 | D:5      | Noticed an ice beast
  2741 | D:5      | Killed an ice beast
  2742 | D:5      | Reached skill level 5 in Unarmed Combat
  2801 | D:5      | Found a runed translucent gate.
  2802 | D:5      | Found a runed translucent gate.
  2803 | D:5      | Noticed ryw's ghost (novice TrFi)
  2803 | D:5      | Found a runed translucent gate.
  2813 | D:5      | Noticed Robin
  2833 | D:5      | Killed Robin
  2887 | D:5      | Your scales start taking on a dull iron-grey colour.
  2887 | D:5      | Reached XP level 7. HP: 60/60 MP: 7/7
  3694 | D:4      | Reached skill level 5 in Fighting
  4666 | D:6      | Reached XP level 8. HP: 50/70 MP: 8/8
  4851 | D:6      | Reached skill level 6 in Fighting
  5148 | D:7      | Noticed Menkaure
  5162 | D:7      | Killed Menkaure
  5374 | D:7      | Reached skill level 7 in Fighting
  5374 | D:7      | Reached skill level 5 in Shapeshifting
  5570 | D:7      | Reached XP level 9. HP: 76/79 MP: 9/9
  5767 | D:7      | Found a staircase to the Ecumenical Temple.
  5936 | Temple   | Found a transporter.
  5936 | Temple   | Found a transporter.
  5936 | Temple   | Found a transporter.
  5936 | Temple   | Found a transporter.
  5936 | Temple   | Entered the Ecumenical Temple
  5949 | Temple   | Became a worshipper of Ru the Awakened
  6306 | D:7      | Reached skill level 8 in Fighting
  6516 | D:8      | Noticed Amaemon
  6801 | D:8      | Reached skill level 5 in Dodging
  6851 | D:8      | Noticed an orange demon
  6885 | D:7      | Killed an orange demon
  6991 | D:8      | Found a large runed translucent door.
  6992 | D:8      | Found a large runed translucent door.
  7345 | D:8      | Killed Amaemon
  7346 | D:8      | Reached skill level 9 in Fighting
  7346 | D:8      | Reached XP level 10. HP: 75/91 MP: 10/10
  7428 | D:8      | Found a shimmering altar of Xom.
  7431 | D:8      | Found a radiant altar of Vehumet.
  7690 | D:9      | Found Meliuruefy's Distillery.
  7700 | D:9      | Bought a potion of curing for 42 gold pieces
  7700 | D:9      | Bought a potion of heal wounds for 70 gold pieces
  7773 | D:9      | Noticed an elephant
  7862 | D:9      | Noticed an elephant
  7873 | D:9      | Killed an elephant
  7876 | D:9      | Reached skill level 10 in Fighting
  7892 | D:9      | Killed an elephant
  8074 | D:9      | Reached skill level 10 in Unarmed Combat
  8099 | D:9      | Noticed an elephant
  8141 | D:9      | Killed an elephant
  8554 | D:9      | Found a staircase to the Lair.
  8615 | D:9      | Noticed an elephant
  8626 | D:9      | Killed an elephant
  8754 | D:10     | Entered Level 10 of the Dungeon
  8772 | D:10     | Noticed Joseph
  8807 | D:10     | Reached XP level 11. HP: 88/101 MP: 11/11
  8819 | D:10     | Killed Joseph
  8820 | D:10     | Reached skill level 11 in Fighting
  9007 | D:10     | Noticed a boulder beetle
  9008 | D:10     | Noticed Psyche
  9011 | D:10     | Noticed a boulder beetle
  9021 | D:10     | Killed a boulder beetle
  9034 | D:10     | Killed Psyche
  9051 | D:10     | Killed a boulder beetle
  9094 | D:10     | Noticed a two-headed ogre
  9105 | D:10     | Killed a two-headed ogre
  9951 | D:10     | Found Bedeg's Book Shoppe.
 10116 | D:11     | Reached skill level 12 in Fighting
 10194 | D:11     | Noticed a boulder beetle
 10209 | D:11     | Killed a boulder beetle
 10487 | D:11     | Paralysed by a hornet for 1 turns
 11214 | D:11     | Found a snail-covered altar of Cheibriados.
 11350 | D:11     | Noticed a centaur warrior
 11370 | D:11     | Killed a centaur warrior
 11374 | D:11     | Reached XP level 12. HP: 96/113 MP: 12/12
 11750 | D:11     | Identified the +2 scale mail of Unambiguity {rPois Dex+4}
 11789 | D:11     | Identified the +7 whip "Davesu" {heavy, MP+9 Str+2 Int+3}
 11817 | D:11     | Identified the +0 scale mail of Juwochiu {rPois rN+ rCorr
                  | Int-3}
 11850 | D:11     | Found an iron altar of Okawaru.
 12307 | D:11     | Reached skill level 13 in Fighting
 12314 | D:11     | Gained mutation: You cannot study or cast Air magic. [Ru
                  | sacrifice]
 12314 | D:11     | Gained mutation: You cannot study or cast Transmutations
                  | magic. [Ru sacrifice]
 12314 | D:11     | Gained mutation: You cannot study or cast Conjurations
                  | magic. [Ru sacrifice]
 12314 | D:11     | Reached * piety under Ru
 12336 | D:12     | Noticed a boulder beetle
 12351 | D:12     | Killed a boulder beetle
 12565 | D:12     | Found Ujitok's Jewellery Emporium.
 12817 | D:12     | Found a staircase to the Orcish Mines.
 13068 | D:13     | Noticed a six-headed hydra
 13068 | D:13     | Noticed a centaur warrior
 13080 | D:13     | Killed a six-headed hydra
 13084 | D:13     | Killed a centaur warrior
 13441 | D:13     | Found a gate to the Vaults.
 13441 | D:13     | Noticed a centaur warrior
 13441 | D:13     | Noticed a vault guard
 13441 | D:13     | Noticed a vault guard
 13441 | D:13     | Noticed a vault guard
 13441 | D:13     | Noticed a centaur warrior
 13441 | D:13     | Noticed a vault guard
 13466 | D:13     | Killed a centaur warrior
 13491 | D:12     | Killed a vault guard
 13754 | D:13     | Noticed an eight-headed hydra
 13762 | D:13     | Killed an eight-headed hydra
 13985 | D:13     | Killed a centaur warrior
 13999 | D:13     | Reached skill level 14 in Fighting
 13999 | D:13     | Reached XP level 13. HP: 77/124 MP: 13/13
 14531 | D:13     | Gained mutation: You are hated by all. [Ru sacrifice]
 14531 | D:13     | Reached ** piety under Ru
 14531 | D:13     | Reached *** piety under Ru
 15061 | D:14     | Found a gate leading to a gauntlet.
 15075 | Gauntlet | Entered a Gauntlet
 15075 | Gauntlet | Found a transporter.
 15075 | Gauntlet | Found a transporter.
 15075 | Gauntlet | Found a transporter.
 15274 | Gauntlet | Found a transporter.
 15277 | Gauntlet | Found a transporter.
 15298 | Gauntlet | Found a transporter.
 15306 | Gauntlet | Found a transporter.
 15311 | Gauntlet | Found a transporter.
 15335 | Gauntlet | Found a transporter.
 15352 | Gauntlet | Found a transporter.
 15378 | Gauntlet | Found a transporter.
 15448 | Gauntlet | Found a transporter.
 15680 | Gauntlet | Identified the +0 hat of Bodithra {rN+}
 15712 | Gauntlet | Reached skill level 10 in Shapeshifting
 15951 | Gauntlet | Identified the ring of the Inquisitive Seas {rPois AC+4
                  | Str-2 Dex+4 SInv}
 15970 | Gauntlet | Identified the ring of Muboel {Str+6 Int+2}
 15970 | Gauntlet | Noticed a minotaur
 15985 | Gauntlet | Killed a minotaur
 16860 | D:15     | Entered Level 15 of the Dungeon
 17085 | D:14     | Reached skill level 15 in Fighting
 17085 | D:14     | Gained mutation: You cannot be stealthy. [Ru sacrifice]
 17787 | D:15     | Reached XP level 14. HP: 135/135 MP: 14/14
 17985 | Lair:1   | Entered Level 1 of the Lair of Beasts
 19552 | Lair:2   | Found a hole to the Spider Nest.
 20053 | Lair:3   | Noticed Snorg
 20069 | Lair:3   | Killed Snorg
 20083 | Lair:3   | Found a staircase to the Shoals.
 20112 | Lair:2   | Reached skill level 16 in Fighting
 20426 | Lair:2   | Reached skill level 15 in Unarmed Combat
 20987 | Lair:3   | Reached skill level 10 in Dodging
 22775 | Lair:5   | Entered Level 5 of the Lair of Beasts
 22974 | Lair:5   | Reached XP level 15. HP: 145/145 MP: 15/15
 23243 | Lair:5   | Identified the ring "Hynt" {Str+2 Int+5 SInv}
 23631 | Lair:5   | Found a staircase to the Slime Pits.
 24327 | Lair:5   | Reached skill level 17 in Fighting
 24589 | Orc:1    | Entered Level 1 of the Orcish Mines
 24668 | D:12     | Bought a dragon-blood talisman for 880 gold pieces
 24898 | Orc:2    | Entered Level 2 of the Orcish Mines
 24914 | Orc:2    | Found a staircase to the Elven Halls.
 25872 | Orc:2    | Found Hagigh's General Store.
 25872 | Orc:2    | Found Conisoas's Assorted Antiques.
 25878 | Orc:2    | Found Toah's General Store.
 25882 | Orc:2    | Found Ujuil's Weapon Shoppe.
 25991 | Orc:2    | Bought a scroll of identify for 32 gold pieces
 25996 | Orc:2    | Bought 2 glowing black potions for 45 gold pieces
 25997 | Orc:2    | Bought 2 scrolls of identify for 68 gold pieces
 26512 | Shoals:1 | Entered Level 1 of the Shoals
 26770 | Shoals:1 | Found Sem Qyez's Antique Weapon Boutique.
 26888 | Shoals:1 | Found a frozen archway.
 26892 | IceCv    | Entered an ice cave
 27509 | IceCv    | Reached XP level 16. HP: 101/149 MP: 16/16
 27813 | IceCv    | Noticed an Ice Fiend
 27843 | IceCv    | Killed an Ice Fiend
 28186 | IceCv    | Reached skill level 18 in Fighting
 28350 | IceCv    | Identified the +0 pair of gloves of Zetwiox {Dex+2}
 30445 | Shoals:2 | Identified the ring of the Ten Bones {Str+6 Stlth+}
 30535 | Shoals:2 | Gained mutation: You are somewhat unskilled. (-1 Apt) [Ru
                  | sacrifice]
 30535 | Shoals:2 | Reduced skill Fighting to level 17
 30535 | Shoals:2 | Reduced skill Dodging to level 10
 30535 | Shoals:2 | Reduced skill Unarmed Combat to level 15
 30535 | Shoals:2 | Reached **** piety under Ru
 30535 | Shoals:2 | Reached ***** piety under Ru
 30949 | Shoals:2 | Noticed a kraken
 30967 | Shoals:2 | Killed a kraken
 31120 | Shoals:3 | Noticed Polyphemus
 31122 | Shoals:3 | Noticed Jorgrun
 31369 | Shoals:3 | Killed Jorgrun
 31554 | Shoals:2 | Killed Polyphemus
 31702 | Shoals:3 | Identified the +4 cloak of the Voracious God {Dex+5}
 31783 | Shoals:3 | Identified 3 scrolls of acquirement
 31793 | Shoals:3 | Acquired 603 gold pieces
 31796 | Shoals:3 | Acquired 614 gold pieces
 31798 | Shoals:3 | Acquired the +3 Mad Mage's Maulers {Infuse+∞ VampMP -Cast}
 31798 | Shoals:3 | Found the +3 Mad Mage's Maulers {Infuse+∞ VampMP -Cast}
 32269 | Shoals:3 | HP: 8/165 [merfolk/+0 trident (9)]
 32534 | Shoals:3 | Noticed Ilsuiw
 32559 | Shoals:3 | Killed Ilsuiw
 33068 | Shoals:3 | Gained mutation: Your casting is slightly disrupted. [Ru
                  | sacrifice]
 33178 | Shoals:4 | Entered Level 4 of the Shoals
 33198 | Shoals:4 | Reached XP level 17. HP: 87/151 MP: 17/17
 33209 | Shoals:4 | HP: 7/160 [merfolk/+0 trident (10)]
 34756 | Shoals:4 | Identified the staff "Jaggilli" {+Blink rPois rN++ Dex+2
                  | Stlth+ Poison}
 34783 | Shoals:4 | Found Noddem's Overcharged Wands.
 34867 | Shoals:4 | Identified the +0 orcbow "Spider's Death Toll" {heavy,
                  | Will+++ rCorr Dex+3 Stlth-}
 36303 | Shoals:4 | Got a barnacled rune of Zot
 36624 | Spider:1 | Entered Level 1 of the Spider Nest
 36806 | Spider:1 | Reached skill level 18 in Fighting
 37820 | Spider:2 | Noticed Agnes
 37836 | Spider:2 | Killed Agnes
 38331 | Spider:2 | Noticed Roxanne
 38356 | Spider:2 | Killed Roxanne
 39807 | Spider:3 | Reached XP level 18. HP: 173/173 MP: 18/18
 40162 | Spider:3 | Acquired the +2 pair of boots of the Pink Corner {Regen+
                  | Slay+3}
 41197 | Spider:4 | Entered Level 4 of the Spider Nest
 42289 | Spider:4 | Reached skill level 19 in Fighting
 42706 | Spider:4 | Got a gossamer rune of Zot
 44090 | D:15     | Found a staircase to the Depths.
 44573 | Vaults:1 | Entered Level 1 of the Vaults
 44599 | Vaults:1 | Reached skill level 15 in Shapeshifting
 44633 | Vaults:1 | Found a portal to a secret trove of treasure.
 44716 | Vaults:1 | Found Nywudu Zauck's Jewellery Boutique.
 45055 | Vaults:1 | Found a one-way gate to the infinite horrors of the Abyss.
 45414 | Vaults:1 | Reached XP level 19. HP: 81/183 MP: 19/19
 45955 | Vaults:1 | Noticed Liwna's ghost (adept DsGl)
 45956 | Vaults:1 | Found a transporter.
 45961 | Vaults:1 | Identified a ring of the Komtur {*Corrode rElec rC+++ Dex+6
                  | Stlth+}
 45967 | Vaults:1 | Found a transporter.
 46618 | Vaults:2 | Noticed Mara
 46618 | Vaults:2 | Noticed Bai Suzhen
 46671 | Vaults:2 | Noticed greenreed's illusion
 46673 | Vaults:2 | Killed Mara
 46690 | Vaults:2 | Killed Bai Suzhen
 47276 | Vaults:2 | Found Yfor's General Store.
 47281 | Vaults:2 | Bought 2 scrolls of identify for 76 gold pieces
 47281 | Vaults:2 | Bought a potion of heal wounds for 95 gold pieces
 47399 | Vaults:2 | Found a staircase to the Crypt.
 48207 | Vaults:3 | Reached skill level 20 in Fighting
 49179 | Vaults:3 | Found a runed translucent gate.
 49180 | Vaults:3 | Found a runed translucent gate.
 49180 | Vaults:3 | Found a runed translucent gate.
 49180 | Vaults:3 | Noticed Yhaurph's ghost (adept MiFi)
 49200 | Vaults:3 | Killed Yhaurph's ghost
 49220 | Vaults:3 | Identified a ring "Ifuol" {*Slow Will+ rCorr Dex+6}
 49979 | Vaults:4 | Noticed Xtahua
 49983 | Vaults:4 | Paralysed by Xtahua for 3 turns
 49991 | Vaults:4 | Killed Xtahua
 50615 | Vaults:4 | Found a runed translucent gate.
 50615 | Vaults:4 | Found a runed translucent gate.
 50615 | Vaults:4 | Found a runed translucent gate.
 50615 | Vaults:4 | Noticed Feshunla's ghost (adept KoEn)
 50688 | Vaults:4 | Killed Feshunla's ghost
 50689 | Vaults:4 | Reached XP level 20. HP: 195/195 MP: 20/20
 50807 | Vaults:4 | Noticed Mennas
 50827 | Vaults:4 | Killed Mennas
 50828 | Vaults:4 | Reached skill level 21 in Fighting
 51304 | Vaults:4 | Paralysed by a sphinx for 3 turns
 52411 | Vaults:5 | Entered Level 5 of the Vaults
 52431 | Vaults:5 | HP: 1/292 [frost giant/bolt of cold (31)]
 52433 | Vaults:5 | Slain by a frost giant

Illustrated notes

Levels and vault maps discovered:
D:1:      tarquinn_simple_flora_water_b, layout_loops_ring
D:2:      layout_rooms
D:3:      layout_loops_corners, mainiacjoe_overflow_paths, chequers_jeans,
          uniq_ijyb, uniq_pargi
D:4:      kennysheep_kobold_camp, layout_rooms, kennysheep_nondescript,
          due_unseen_surprise
D:5:      layout_loops_ring, gammafunk_ghost_nasty_kobolds, nicolae_goblin_pals
D:6:      layout_basic
D:7:      layout_rooms, minmay_temple_entry_antechambers, dk_noncrumbling_2,
          amethyst_killhole, minmay_misc_feat_roman, uniq_menkaure
D:8:      layout_basic, jmf_multi_god_temple2, uniq_amaemon
D:9:      wad_woods_tower, layout_loops_ring, grunt_lair_entry_orc_guard_hut,
          serial_shops, shop
D:10:     minmay_distorted_concentric_squares, layout_long_grid, serial_shops,
          nicolae_shop_just_a_little_nook, uniq_joseph, uniq_psyche
D:11:     evilmike_iron_armoury, layout_irregular_city, slow_altar_2
D:12:     layout_cave_pools, david_orc_2, serial_shops, nicolae_shop_trees
D:13:     layout_roguey, lightli_vaults_fourway_checkpoint,
          kennysheep_big_empty_room, st_stairs_10
D:14:     layout_basic, gauntlet_entry_generic, serial_rivers,
          chequers_serial_rivers_large_a, chequers_serial_rivers_large_b,
          chequers_serial_rivers_micro_e, chequers_serial_rivers_room_a,
          chequers_serial_rivers_micro_d, chequers_serial_rivers_marsh,
          drop_trap
D:15:     gammafunk_depths_entry_grave, layout_irregular_city,
          serial_bayou_pond_c, onia_ninara_cookie
Temple:   hellmonk_temple_divided_pantheon
Lair:1:   layout_roguey
Lair:2:   layout_loops_ring, spider_nest_entry_funnel_web, beast_lair_carwin_10
Lair:3:   layout_chaotic_city, elwin_shoals_entry_stream, uniq_snorg
Lair:4:   layout_gridlike, chequers_serial_rivers_room_b,
          gammafunk_lair_bear_cave
Lair:5:   evilmike_catoblepas_cave, layout_regular_city,
          minmay_slime_entry_pillars, hibernation_bobbens
Shoals:1: layout_shoals, serial_shops, shop, portal_ice_cave_entry_pillars_four,
          nicolae_shoals_drake_roost
Shoals:2: layout_shoals, nicolae_shoals_water_booths
Shoals:3: layout_shoals, nicolae_shoals_wave_tunnel, uniq_ilsuiw,
          uniq_polyphemus, uniq_jorgrun
Shoals:4: shoals_end_grunt_ice, layout_shoals, nicolae_shop_overcharged_wands
Spider:1: layout_spider_delve, drop_trap
Spider:2: layout_cave_pods, nicolae_spider_eight_legs, uniq_roxanne, uniq_agnes
Spider:3: layout_chambers
Spider:4: grunt_spider_rune_circles
Orc:1:    layout_diamond_mine, nicolae_orc_damp_corner, minmay_orc_temple_b
Orc:2:    st_orc_mages, layout_diamond_mine
Vaults:1: gammafunk_ghost_abyssal_escape, nicolae_vaults_little_ls,
          nicolae_vaults_diamond_1, hangedman_vaults_hat,
          vaults_mumra_chevron_long, v_pattern_1, vaults_dpeg_doors,
          nicolae_vaults_heart-shaped_vault, nicolae_vaults_border_crossing,
          hangedman_vaults_corner, v_rooms_3, nicolae_vaults_trapezoid_layered,
          nicolae_vaults_tetromino_Z_2, nicolae_vaults_two_Ls,
          vaults_dpeg_cross, ontoclasm_vaults_tryst, layout_vaults_maze,
          enter_trove_2, serial_shops, shop
Vaults:2: nicolae_vaults_trapezoid_1, ontoclasm_vaults_claustrophobia,
          grunt_vaults_hallway_short, minmay_crypt_entry_simple_round, v_misc_3,
          layout_vaults_chaotic_city, serial_shops,
          nicolae_shop_pleasant_corner_grove, uniq_mara, uniq_bai_suzhen
Vaults:3: gammafunk_ghost_split, hangedman_vaults_nails,
          nicolae_vaults_ninety_degrees, hangedman_vaults_stream,
          nicolae_vaults_shipping_containers_2, v_misc_30,
          nicolae_vaults_house_1, v_misc_19, ontoclasm_vaults_twist,
          nicolae_vaults_tetromino_L_2, ontoclasm_vaults_loading_screen,
          layout_vaults_omnigrid
Vaults:4: gammafunk_ghost_split, nicolae_vaults_ring_of_whatevers,
          nicolae_vaults_double_plus_2, v_misc_11, nicolae_vaults_turnstiles,
          nicolae_vaults_little_squares_4, nicolae_vaults_variable_pillar_hall,
          v_rooms_6, nicolae_vaults_storage_room_water, layout_vaults_ring,
          uniq_xtahua, uniq_mennas
Vaults:5: serial_shops

Skill      XL: |  1  2  3  4  5  6  7  8  9 10 11 12 13 14 15 16 17 18 19 20 |
---------------+-------------------------------------------------------------+-----
Dodging        | 2 3 4 5 6 7 8 9 10 11 10 11 12 13 | 13.1
Fighting       | 2 3 4 5 7 9 10 12 14 15 16 17 17 18 19 20 21 | 21.7
Unarmed Combat | 4 5 6 7 9 10 11 13 14 15 16 16 17 18 19 | 19.3
Shapeshifting  | 4 5 6 7 9 10 12 13 13 14 15 16 | 16.5

Action                     |  1- 3 |  4- 6 |  7- 9 | 10-12 | 13-15 | 16-18 | 19-21 || total
---------------------------+-------+-------+-------+-------+-------+-------+-------++-------
  Melee: Unarmed           |   146 |   110 |   357 |   707 |  1500 |  1144 |   463 ||  4427
         Tailslap          |    12 |    18 |    48 |   152 |   330 |   217 |    75 ||   852
         Punch             |     3 |     3 |    15 |    12 |    20 |   128 |    65 ||   246
         Bite              |       |       |       |       |    27 |   163 |    71 ||   261
 Invoke: Reject Sacrifices |       |       |       |     2 |     4 |     3 |     1 ||    10
         Sacrifice Arcana  |       |       |       |     1 |       |       |       ||     1
         Sacrifice Stealth |       |       |       |       |     1 |       |       ||     1
         Sacrifice Love    |       |       |       |       |     1 |       |       ||     1
         Draw Out Power    |       |       |       |       |     6 |     4 |     1 ||    11
         Power Leap        |       |       |       |       |       |     2 |       ||     2
         Apocalypse        |       |       |       |       |       |     2 |     1 ||     3
         Sacrifice Essence |       |       |       |       |       |     1 |       ||     1
         Sacrifice Skill   |       |       |       |       |       |     1 |       ||     1
Ability: Begin Untransform |       |       |       |       |       |     1 |       ||     1
  Evoke: Wand              |       |     4 |     5 |       |       |       |     2 ||    11
    Use: Scroll            |       |       |       |    14 |     9 |     8 |     6 ||    37
         Potion            |       |       |       |       |     4 |     7 |     3 ||    14
   Stab: Sleeping          |     2 |     1 |     1 |       |       |       |       ||     4
         Distracted        |       |       |       |     2 |       |     4 |     1 ||     7
         Invisible         |       |       |       |       |     6 |    13 |     2 ||    21
         Petrifying        |       |       |       |       |       |     3 |       ||     3
         Paralysed         |       |       |       |       |       |     3 |     2 ||     5
 Armour: Skin              |    85 |    49 |   255 |   500 |  1114 |  1137 |   436 ||  3576
  Dodge: Dodged            |   105 |    50 |   202 |   468 |  1233 |   611 |   262 ||  2931
   Form: Flux              |       |       |       |     1 |       |       |       ||     1
         Dragon            |       |       |       |       |     1 |     4 |     1 ||     6
                           |       |       |       |       |       |     3 |     1 ||     4

Table legend: (Time is in decaauts)
 A = Elapsed time spent in this place.
 B = Non-inter-level travel time spent in this place.
 C = Inter-level travel time spent in this place.
 D = Time resting spent in this place.
 E = Time spent auto-exploring this place.
 F = Levels seen in this place.
 G = Mean time per level.
                   A        B        C        D        E       F      G
               +--------+--------+--------+--------+--------+-----+--------+
         Total |  51324 |  49080 |   2244 |   6337 |  34464 |  38 | 1350.6 |
       Dungeon |  18340 |  17233 |   1107 |   2011 |  12033 |  15 | 1222.7 |
        Temple |     27 |     27 |      0 |      0 |      0 |   1 |   27.0 |
          Lair |   6479 |   5972 |    507 |    365 |   4568 |   5 | 1295.8 |
        Shoals |   8219 |   8045 |    174 |   1924 |   4845 |   4 | 2054.8 |
   Spider Nest |   6134 |   5992 |    142 |    489 |   4706 |   4 | 1533.5 |
  Orcish Mines |   1661 |   1477 |    184 |      0 |   1174 |   2 |  830.5 |
        Vaults |   7664 |   7537 |    127 |    787 |   5767 |   5 | 1532.8 |
      Ice Cave |   1638 |   1638 |      0 |    478 |    767 |   1 | 1638.0 |
      Gauntlet |   1158 |   1158 |      0 |    282 |    604 |   1 | 1158.0 |
               +--------+--------+--------+--------+--------+-----+--------+

Top non-repeatable levels by time:
Shoals:4: 2657 daAuts
Shoals:3: 2203 daAuts
Vaults:3: 2133 daAuts
Vaults:4: 2032 daAuts
    D:11: 1957 daAuts
Shoals:2: 1926 daAuts
Spider:3: 1852 daAuts
Spider:2: 1791 daAuts
    D:13: 1749 daAuts
Vaults:1: 1749 daAuts
Vaults:2: 1731 daAuts
    D:15: 1711 daAuts
   IceCv: 1638 daAuts
Spider:4: 1582 daAuts
  Lair:5: 1576 daAuts
